 Dungeon Crawl Stone Soup version 0.26.1-11-gd32895ea62 (webtiles) character file.

Game seed: 7958114280668970776

21 Zeld the Twirler (level 2, -1/19 HPs)
             Began as an Octopode Gladiator on May 20, 2021.
             Slain by a jackal (3 damage)
             ... on level 2 of the Dungeon.
             The game lasted 00:02:11 (1226 turns).

Zeld the Twirler (Octopode Gladiator)               Turns: 1226, Time: 00:02:11

Health: -1/19      AC:  1    Str: 13    XL:     2   Next: 87%
Magic:  2/2        EV: 14    Int: 10    God:
Gold:   37         SH:  0    Dex: 13    Spells: 1/1 levels left

rFire    . . .     SeeInvis .   a - +0 quarterstaff
rCold    . . .     Faith    .   (shield currently unavailable)
rNeg     + . .     Spirit   .   b - +0 hat
rPois    .         Reflect  .   (no amulet)
rElec    .         Harm     .   d - ring of positive energy (curse)
rCorr    .         Rampage  .   (no ring)
Will     .....                  (no ring)
Stlth    ++........             (no ring)
HPRegen  0.06/turn              (no ring)
MPRegen  0.08/turn              (no ring)
                                (no ring)
                                (no ring)

@: lethally poisoned (-1 -> -4), flying
A: almost no armour, stealthy swim, amphibious, 8 rings, constrict 8, camouflage
1, gelatinous body 1
a: no special abilities


You were on level 2 of the Dungeon.
You visited 1 branch of the dungeon, and saw 2 of its levels.

You collected 37 gold pieces.

Inventory:

Hand Weapons
 a - a +0 quarterstaff (weapon)
Missiles
 c - 3 throwing nets (quivered)
Armour
 b - a +0 hat (worn)
Jewellery
 d - a cursed ring of positive energy (left tentacle)
Scrolls
 f - a scroll of immolation {unknown}
 j - a scroll of random uselessness {unknown}
 k - a scroll of identify {unknown}
Potions
 e - a potion of degeneration {unknown}
 g - a potion of flight
 h - a potion of haste {unknown}
 i - a potion of might {unknown}
 l - a potion of brilliance {unknown}


   Skills:
 - Level 2.0 Fighting
 * Level 4.0 Staves
 - Level 2.0 Throwing
 - Level 3.0 Dodging


You had one spell level left.
You didn't know any spells.
Your spell library was empty.

Dungeon Overview and Level Annotations

Branches:
Dungeon (2/15)

Altars:


Innate Abilities, Weirdness & Mutations

You cannot wear most types of armour.
You are very stealthy in the water. (Stealth+)
You are amphibious.
You can wear up to eight rings at the same time.
You can use your tentacles to constrict eight enemies at once.
Your skin changes colour to match your surroundings (Stealth+).
Your rubbery body absorbs attacks. (AC +1, EV +1)


Message History

You thump the jackal!
You kill the jackal!
You hit the jackal. Your grab misses the jackal.
The jackal is moderately wounded.
The jackal barely misses you.
You closely miss the jackal. Your grab misses the jackal.
The jackal is moderately wounded.
You feel sick.
The jackal bites you but does no damage.
The jackal closely misses you.
You completely miss the jackal. Your grab misses the jackal.
You squeeze the jackal.
The jackal is severely wounded.
The jackal bites you.
* * * LOW HITPOINT WARNING * * *
Unknown command.
It was a potion of flight.
You feel very buoyant.
You fly up into the air.
The jackal closely misses you. The jackal bites you.
You die...

#........##...#.#.#####...#####
#...#.>..##.....#.l............
#..###.....#..#.........<......
#.. #....#......#l.............
#.................#####...####
#......>#####lS#### #...#
######### ##h# #!..# #h#
....$.# #@# .#...#.# ......!.#
#.##...... .######## # #.#.#..
.#.#.. .. .


You could see an adder, 2 jackals and a frilled lizard.

Vanquished Creatures
  An adder (D:2)
  A leopard gecko (D:1)
  A giant cockroach (D:1)
  A goblin (D:1)
  A jackal (D:2)
  A ball python (D:2)
  4 kobolds (D:1)
  2 rats (D:1)
12 creatures vanquished.

Notes
Turn   | Place    | Note
-------+----------+-------------------------------------------
     0 | D:1      | Zeld the Octopode Gladiator began the quest for the Orb.
     0 | D:1      | Reached XP level 1. HP: 14/14 MP: 1/1
   976 | D:1      | Reached XP level 2. HP: 19/19 MP: 2/2
  1209 | D:2      | Reached skill level 4 in Staves
  1226 | D:2      | Slain by a jackal

Illustrated notes

Levels and vault maps discovered:
D:1:      matt_arrival_los_fun, layout_basic, corner_web_ring,
          minmay_misc_feat_roman
D:2:      layout_loops_cross, yredelemnul_altar_generic

Skill      XL: |  1  2 |
---------------+-------+-----
Staves         | 4 |  4.0
Fighting       | |  2.0
Throwing       | |  2.0
Dodging        | |  3.0

Action                   || total
-------------------------++-------
Melee: Quarterstaff      ||    22
       Tentacles         ||     6
       Constrict         ||     4
  Use: Potion            ||     1
 Stab: Sleeping          ||     3
Armor: Skin              ||     3
Dodge: Dodged            ||    28
